 Dungeon Crawl Stone Soup version 0.29.1-1-gd02db6906a (webtiles) character file.

Game seed: 2730193104597014658

174 warriortoast the Conjurer (level 5, -11/28 HPs)
             Began as a Deep Elf Conjurer on Sept 22, 2022.
             Killed from afar by Eustachio (18 damage)
             ... with a bolt of light
             ... on level 3 of the Dungeon.
             The game lasted 00:11:43 (5197 turns).

warriortoast the Conjurer (Deep Elf Conjurer)       Turns: 5197, Time: 00:11:43

Health: -11/28     AC:  4    Str: 10    XL:     5   Next: 28%
Magic:  4/15       EV: 12    Int: 25    God:
Gold:   310        SH:  0    Dex: 13    Spells: 8/15 levels left

rFire   + . .      SeeInvis .   (no weapon)
rCold   x . .      Faith    .   (no shield)
rNeg    . . .      Spirit   .   a - +0 robe
rPois   .          Reflect  .   m - +0 helmet
rElec   .          Harm     .   (no cloak)
rCorr   .          Rampage  .   d - +0 pair of gloves {hurl}
Will    .....                   (no boots)
Stlth   ++........              (no amulet)
HPRegen 0.09/turn               i - ring of fire
MPRegen 0.14/turn               j - +6 ring of strength

@: no status effects
A: no striking features
a: no special abilities


You were on level 3 of the Dungeon.
You visited 1 branch of the dungeon, and saw 4 of its levels.

You collected 310 gold pieces.

Inventory:

Armour
 a - a +0 robe (worn)
 d - a +0 pair of gloves of hurling (worn)
 m - a +0 helmet (worn)
Jewellery
 e - a ring of resist corrosion
 i - a ring of fire (left hand)
 j - a +6 ring of strength (right hand)
Wands
 f - a wand of charming (14)
Scrolls
 c - 5 scrolls of identify {unknown}
 g - 2 scrolls of fear {unknown}
 q - a scroll of acquirement {unknown}
Potions
 b - a potion of magic
 h - 2 potions of brilliance {unknown}
 k - 2 potions of heal wounds
 l - a potion of lignification {unknown}
 n - a potion of berserk rage {unknown}
 o - a potion of curing {unknown}
 p - a potion of might {unknown}


   Skills:
 - Level 2.4 Dodging
 - Level 2.4 Stealth
 + Level 5.6 Spellcasting
 + Level 6.0 Conjurations
 + Level 0.0 Air Magic


You had 8 spell levels left.
You knew the following spells:

 Your Spells              Type           Power      Damage    Failure   Level
a - Magic Dart            Conj           100%       1d8       1%          1
b - Dazzling Flash        Conj/Hex       44%        N/A       7%          3
c - Swiftness             Air            7%         N/A       22%         3

Your spell library contained the following spells:

 Spells                   Type           Power      Damage    Failure   Level
 Searing Ray              Conj           74%        2d7       1%          2
 Ensorcelled Hibernation  Hex/Ice        14%        N/A       12%         2
 Passwall                 Tmut/Erth      5%         N/A       12%         2
 Ozocubu's Armour         Ice            7%         N/A       22%         3
 Fulminant Prism          Conj/Hex       11%        3d9       22%         4
 Iskenderun's Mystic Bla  Conj/Tloc      22%        2d6       22%         4
 Leda's Liquefaction      Hex/Erth       3%         N/A       58%         4
 Lee's Rapid Deconstruct  Erth           3%         3d6*      91%         5
 Metabolic Englaciation   Hex/Ice        3%         N/A       91%         5
 Simulacrum               Ice/Necr       3%         N/A       100%        6
 Statue Form              Tmut/Erth      4%         N/A       100%        6


Dungeon Overview and Level Annotations

Branches:
Dungeon (4/15)
 Temple: D:4-7

Altars:
Cheibriados

Annotations:
D:2 Sigmund
D:3 Eustachio


Message History

Confirm with . or Enter, or press ? or * to list all spells.
The spell is quite dangerous to miscast (7% risk of failure)!
Continue anyway?
Casting: Dazzling Flash (quite dangerous; 7% risk of failure)
Press: ? - help, Dir - look around, f - activate Eustachio is dazzled.
Eustachio closely misses you. Eustachio hits you but does no damage.
The magic dart hits Eustachio.
Eustachio is lightly wounded.
Eustachio hits you but does no damage.
The magic dart hits Eustachio.
Eustachio is moderately wounded.
The magic dart hits Eustachio but does no damage.
Eustachio is moderately wounded.
The magic dart hits Eustachio.
Eustachio is moderately wounded.
The magic dart hits Eustachio.
Eustachio is moderately wounded.
The magic dart hits Eustachio.
Eustachio is heavily wounded.
Eustachio is no longer blind.
Eustachio gestures wildly while chanting.
The magic dart hits Eustachio but does no damage.
Eustachio is heavily wounded.
Eustachio utters an oath, "I will die for my friends!"
Eustachio drinks a potion.
Eustachio is healed!
Casting: Magic Dart (safe; 1% risk of failure)
Confirm with . or Enter, or press ? or * to list all spells.
The spell is quite dangerous to miscast (7% risk of failure)!
Continue anyway?
Casting: Dazzling Flash (quite dangerous; 7% risk of failure)
Press: ? - help, Dir - look around, f - activate Eustachio is dazzled.
Eustachio zaps a wand.
The bolt of light hits you!!
Ouch! That really hurt!
* * * LOW HITPOINT WARNING * * *
Eustachio asks, "How can you live without manners, virtues and honour?"
Eustachio is no longer blind.
There is an open door here.
Eustachio zaps a wand.
The bolt of light hits you!!
Ouch! That really hurt!
You die...

#....# #....#
#############.....
#...........#.....
#.#########...#...
#.#...)...#..##...
#.#.#####.#..##... #.#.#
#.#..##### #@#.#
###.........
##########'#.###.....######
#.............(......#
#.........r.#.########
#..........@#.#
#.............#####
#.........>.......###
#...........#####...##
#...........# ###..##


You could see Eustachio and a rat (summoned).

Vanquished Creatures
  An iron imp (D:3)
  Natasha (D:4)
  Terence (D:3)
  Robin (D:2)
  An adder (D:4)
  4 dart slugs
  An orc (D:4)
  A bat (D:3)
  4 endoplasms
  A giant cockroach (D:4)
  12 goblins
  6 hobgoblins
  3 jackals
  2 quokkas
  5 ball pythons
  4 frilled lizards
  7 kobolds
  10 rats
65 creatures vanquished.

Notes
Turn   | Place    | Note
-------+----------+-------------------------------------------
     0 | D:1      | warriortoast the Deep Elf Conjurer began the quest for the
                  | Orb.
     0 | D:1      | Reached XP level 1. HP: 10/10 MP: 6/6
   249 | D:1      | Reached XP level 2. HP: 14/15 MP: 3/8
   868 | D:1      | You fall into a shaft and drop 1 floor!
  1113 | D:1      | Found a faded altar of an unknown god.
  1530 | D:2      | Reached skill level 5 in Conjurations
  1530 | D:2      | Reached XP level 3. HP: 19/19 MP: 7/10
  1668 | D:2      | Learned a level 3 spell: Dazzling Flash
  1672 | D:2      | Learned a level 3 spell: Swiftness
  1691 | D:2      | Noticed Sigmund
  1922 | D:3      | Noticed Terence
  2251 | D:3      | Killed Terence
  2252 | D:3      | Reached XP level 4. HP: 24/24 MP: 5/12
  2458 | D:3      | Found a snail-covered altar of Cheibriados.
  3241 | D:3      | Reached skill level 5 in Spellcasting
  3357 | D:2      | Noticed Robin
  3362 | D:3      | HP: 1/24 [ball python (1)]
  4714 | D:2      | Killed Robin
  4715 | D:2      | Reached XP level 5. HP: 28/28 MP: 5/14
  5049 | D:4      | Noticed Natasha
  5052 | D:4      | Killed Natasha
  5053 | D:4      | Reached skill level 6 in Conjurations
  5138 | D:4      | Noticed Eustachio
  5197 | D:3      | Killed from afar by Eustachio

Illustrated notes

Levels and vault maps discovered:
D:1:      lightli_arrival_flooded_house, layout_basic,
          hellmonk_ecumenical_altar_lost_god, nicolae_hexahallways,
          grunt_decor_clamped
D:2:      layout_loops_ring, st_stairs_10, minmay_split_cup_small, uniq_sigmund,
          uniq_robin, uniq_jessica
D:3:      layout_basic, chei_slow_surprise, hex_medium, uniq_terence
D:4:      layout_rooms, uniq_ijyb, uniq_eustachio, uniq_natasha

Skill      XL: |  1  2  3  4  5 |
---------------+----------------+-----
Spellcasting   | 4 5 |  5.6
Conjurations   | 5 6 |  6.0
Dodging        | |  2.4
Stealth        | |  2.4

Action                   |  1- 3 |  4- 6 || total
-------------------------+-------+-------++-------
 Cast: Magic Dart        |    74 |    93 ||   167
       Dazzling Flash    |       |     2 ||     2
  Use: Scroll            |       |     1 ||     1
Armor: Robe              |     1 |    18 ||    19
Dodge: Dodged            |    13 |    27 ||    40
